 Dungeon Crawl Stone Soup version 0.18-a0-1197-g8004e50 (webtiles) character file.

9707 ThermosAquaticus the Basher (level 11, -4/97 HPs)
             Began as a Deep Dwarf Fighter on Jan 30, 2016.
             Was a High Priest of Pakellas.
             Killed from afar by Josephine (25 damage)
             ... with a ghostly fireball
             ... on level 10 of the Dungeon.
             The game lasted 00:58:13 (8926 turns).

ThermosAquaticus the Basher (Deep Dwarf Fighter)    Turns: 8926, Time: 00:58:14

Health: -4/97      AC: 19    Str: 21    XL:     11   Next: 26%
Magic:  5/16       EV:  6    Int:  9    God:    Pakellas [*****.]
Gold:   130        SH: 12    Dex: 14    Spells: 0 memorised, 10 levels left

rFire  . . .     SeeInvis .     Q - +2 rod of inaccuracy (2/14)
rCold  . . .     Gourm    +     q - +2 chain mail {MR+}
rNeg   . . .     Faith    .     c - +0 shield
rPois  .         Spirit   .     (no helmet)
rElec  .         Dismiss  .     F - +0 cloak
rCorr  +         Reflect  .     N - +0 pair of gloves (curse)
SustAt .         Harm     .     (no boots)
MR     ++...                    G - amulet of the gourmand
Stlth  ..........               O - +4 ring of protection
                                x - ring of resist corrosion

@: non-regenerating, very resistant to hostile enchantments, extremely
unstealthy
A: damage resistance, recharge devices, sense surroundings 2, slow regeneration
3
a: Device Recharging, Quick Charge, Device Surge, Renounce Religion


You were on level 10 of the Dungeon.
You worshipped Pakellas.
Pakellas was extremely pleased with you.
You were very full.

You visited 1 branch of the dungeon, and saw 11 of its levels.
You also visited: Sewer.

You collected 541 gold pieces.
You spent 411 gold pieces at shops.

Inventory:

Hand Weapons
 a - a +0 flail
 n - a +3 mace
 B - a +0 blowgun
Missiles
 C - 7 poisoned needles
Armour
 c - a +0 shield (worn)
 q - a +2 chain mail of magic resistance (worn)
 F - a +0 cloak (worn)
 N - a cursed +0 pair of gloves (worn)
Magical Staves
 H - an uncursed staff of wizardry {unknown}
Rods
 Q - a +2 rod of inaccuracy (2/14) (weapon)
   (Pakellas gifted it to you in a sewer)
Jewellery
 x - a ring of resist corrosion (left hand)
 G - an amulet of the gourmand (around neck)
 L - an uncursed ring of wizardry
 O - a +4 ring of protection (right hand)
Wands
 e - a wand of heal wounds (0/9)
 y - a wand of disintegration (14/24)
 I - a wand of draining (0/15)
 S - a wand of confusion (1/48)
Scrolls
 d - 2 scrolls of random uselessness {unknown}
 h - a scroll of teleportation
 i - 2 scrolls of enchant armour
 m - 5 scrolls of remove curse
 o - a scroll of magic mapping
 p - 5 scrolls of enchant weapon {unknown}
 s - 2 scrolls of noise {unknown}
 A - a scroll of recharging {unknown}
 D - a scroll of fog {unknown}
 E - 2 scrolls of fear {unknown}
 T - a scroll of brand weapon {unknown}
 X - a scroll of blinking {unknown}
 Z - a scroll of immolation {unknown}
Potions
 g - a potion of resistance
 u - 2 potions of flight
 v - a potion of ambrosia
 w - a potion of curing
 J - 2 potions of agility
 K - 2 potions of might
 P - a potion of mutation
 U - a potion of heal wounds
 W - 3 potions of poison {unknown}
Books
 b - a book of the Earth

   Spells                             Type                      Level
   a - Leda's Liquefaction            Hexes/Earth                  4
   b - Bolt of Magma                  Conjuration/Fire/Earth       5
   c - Statue Form                    Transmutation/Earth          6
   d - Iron Shot                      Conjuration/Earth            6
   e - Shatter                        Earth                        9
 R - a book of Fire

   Spells                             Type                      Level
   a - Ignite Poison                  Fire/Transmutation/Poison    3
   b - Fireball                       Conjuration/Fire             5
   c - Bolt of Fire                   Conjuration/Fire             6
   d - Delayed Fireball               Conjuration/Fire             7
   e - Ring of Flames                 Charms/Fire                  7
 Y - a book of the Dragon

   Spells                             Type                      Level
   a - Flame Tongue                   Conjuration/Fire             1
   b - Cause Fear                     Hexes                        4
   c - Bolt of Fire                   Conjuration/Fire             6
   d - Dragon Form                    Transmutation                7
   e - Dragon's Call                  Summoning                    9
Comestibles
 f - 8 bread rations
 k - 8 fruits
 l - 6 meat rations
 r - 2 beef jerkies
 t - 8 royal jellies
 M - a slice of pizza


   Skills:
 - Level 5.8 Fighting
 + Level 11.3 Maces & Flails
 - Level 7.0 Armour
 - Level 9.4 Shields
 + Level 10.1 Evocations


You had 10 spell levels left.
You didn't know any spells.

Dungeon Overview and Level Annotations

Branches:
Dungeon (11/15)            Temple (0/1) D:7             Orc (0/2) D:10
   Lair: D:8-11

Altars:
Ashenzari
Cheibriados
Dithmenos
Nemelex Xobeh
Okawaru
Pakellas
Qazlal
Ru
Sif Muna
Trog
Xom
Zin
The Shining One

Shops:
D:8 %   D:10 [

Annotations:
D:10 Josephine


Innate Abilities, Weirdness & Mutations

You are resistant to damage.
You can recharge devices by infusing magical energy.
You passively map the area around you.
You do not regenerate naturally.


Message History

Press: ? - help, Shift-Dir - straight line, f/p - Josephine
Aim: Josephine, wielding a dagger of speed and wearing a robe (almost dead, poisoned)
The narrow beam of energy misses Josephine.
Josephine hits you with a dagger of speed.
Aiming: Bolt of Inaccuracy
Press: ? - help, Shift-Dir - straight line, f/p - Josephine
Aim: Josephine, wielding a dagger of speed and wearing a robe (almost dead, poisoned)
The narrow beam of energy misses Josephine.
Josephine is infused with unholy energy.
* * * LOW HITPOINT WARNING * * *
Josephine draws life force from you and is healed!
Aiming: Bolt of Inaccuracy
Press: ? - help, Shift-Dir - straight line, f/p - Josephine
Aim: Josephine, wielding a dagger of speed and wearing a robe (severely wounded, poisoned)
The narrow beam of energy misses Josephine.
Josephine barely misses you.
The rod doesn't have enough magic points.
Josephine points at you and mumbles some strange words.
The ghostly flame explodes!
The ghostly fireball engulfs you!
You die...

#..#.....####..................).
#..#...#.##.##.......######...###
#..##..##.#.#†#..................
#...#.##.#.#.###......##.####.###
##....#.#.#.#.##.####...........#
###.#..#.#.#[#.#......#...#####..
.#....###.#.#.##..#####.########.
.#.....#.#.#.##...@.>(.(###...#..
.......####.#.#.@#########.......
.#.......####......# #........
.#...............#.## #.<......
.#..............##..## #........
.#.............####..####........
.#.............#####......#......
.#...............###..########.##
.............###.##......# #.##
.<[...#......# #..#.####.# #)..


You could see Josephine.

Vanquished Creatures
  The ghost of Duffy the Grappler, a novice TrFi of Cheibriados (D:10)
  A hill giant (D:10)
  2 centaur zombies
  A queen bee (D:10)
  A troll (D:9)
  A polar bear (D:9)
  A two-headed ogre (D:9)
  Sigmund (D:3)
  2 wraiths (D:10)
  A wyvern (D:8)
  3 yaks (D:9)
  A steam dragon (D:7)
  2 hippogriffs (D:9)
  2 hungry ghosts
  3 water moccasins
  3 orc warriors
  2 sky beasts
  A black bear (D:7)
  An eye of draining (D:10)
  2 ice beasts
  4 ogres
  2 phantoms
  A crocodile (D:10)
  A centaur (D:7)
  A big kobold (D:6)
  5 giant frogs
  A gnoll sergeant (D:8)
  2 scorpions
  29 killer bees
  4 wights (D:7)
  An electric eel (D:9)
  2 crimson imps
  A jelly (D:8)
  8 hounds
  2 centaur skeletons
  4 orc priests
  A giant frog skeleton (D:5)
  An iguana (D:6)
  Natasha (D:3)
  13 orc wizards
  7 worker ants
  2 killer bee zombies
  A centaur simulacrum (D:9)
  A wasp simulacrum (D:9)
  A hound zombie (D:9)
  A worker ant zombie (D:9)
  15 adders
  10 gnolls
  A river rat (D:6)
  3 shadow imps
  7 white imps (D:9)
  An ufetubus (D:9)
  2 adder skeletons
  7 giant geckos
  41 orcs
  18 giant cockroaches
  8 goblins
  10 hobgoblins
  18 jackals
  7 quokkas
  12 ball pythons
  10 bats
  A giant gecko skeleton (D:7)
  9 giant newts
  11 kobolds
  A quokka skeleton (D:4)
  10 rats
331 creatures vanquished.

Vanquished Creatures (others)
  A jelly (D:7)
1 creature vanquished.

Grand Total: 332 creatures vanquished

Notes
Turn   | Place    | Note
--------------------------------------------------------------
     0 | D:1      | ThermosAquaticus the Deep Dwarf Fighter began the quest for the Orb.
     0 | D:1      | Reached XP level 1. HP: 20/20 MP: 1/1
   132 | D:1      | Reached XP level 2. HP: 27/27 MP: 2/2
   759 | D:1      | Reached XP level 3. HP: 30/33 MP: 3/3
  1008 | D:2      | Reached skill level 4 in Maces & Flails
  1018 | D:2      | Found a shimmering altar of Xom.
  1041 | D:2      | Found an oddly glowing altar of Pakellas.
  1049 | D:2      | Became a worshipper of Pakellas the Inventive
  1293 | D:2      | Reached XP level 4. HP: 31/40 MP: 4/4
  1637 | D:2      | Found a bloodstained altar of Trog.
  1656 | D:2      | Reached * piety under Pakellas
  1768 | D:3      | Found a shattered altar of Ashenzari.
  1816 | D:3      | Reached skill level 5 in Maces & Flails
  1934 | D:3      | Reached XP level 5. HP: 35/46 MP: 5/5
  2084 | D:3      | Noticed Sigmund
  2261 | D:3      | Killed Sigmund
  2261 | D:3      | Reached skill level 7 in Maces & Flails
  2261 | D:3      | Reached XP level 6. HP: 28/55 MP: 6/6
  2395 | D:3      | Noticed Natasha
  2400 | D:3      | Killed Natasha
  2728 | D:4      | Reached ** piety under Pakellas
  2728 | D:4      | Received a gift from Pakellas
  2836 | D:4      | Reached skill level 1 in Evocations
  2836 | D:4      | Reached XP level 7. HP: 55/61 MP: 6/8
  2851 | D:4      | Found an iron altar of Okawaru.
  3347 | D:5      | Entered Level 5 of the Dungeon
  3365 | D:5      | Found a deep blue altar of Sif Muna.
  3450 | D:5      | Reached skill level 8 in Maces & Flails
  3514 | D:5      | Found a glowing silver altar of Zin.
  3974 | D:5      | Found a snail-covered altar of Cheibriados.
  4203 | D:6      | Reached *** piety under Pakellas
  4269 | D:6      | Reached skill level 5 in Evocations
  4269 | D:6      | Reached XP level 8. HP: 25/68 MP: 8/11
  4293 | D:6      | Found a glowing drain.
  4325 | Sewer    | Entered a sewer
  4569 | Sewer    | Reached **** piety under Pakellas
  4569 | Sewer    | Received a gift from Pakellas
  4569 | Sewer    | Reached skill level 9 in Maces & Flails
  4749 | D:6      | Found a stormy altar of Qazlal.
  4954 | D:6      | Identified a +2 rod of inaccuracy (14/14) (Pakellas gifted it to you in a sewer)
  5485 | D:7      | Reached skill level 5 in Shields
  5617 | D:7      | Gained mutation: You passively map the area around you. [Deep Dwarf growth]
  5617 | D:7      | Reached XP level 9. HP: 72/74 MP: 13/13
  6034 | D:7      | Found a staircase to the Ecumenical Temple.
  6135 | D:8      | Reached ***** piety under Pakellas
  6313 | D:8      | Found a sparkling altar of Nemelex Xobeh.
  6637 | D:8      | Found a shadowy altar of Dithmenos.
  6672 | D:8      | Found Heloguph's Food Boutique.
  6695 | D:8      | Reached XP level 10. HP: 30/87 MP: 14/14
  6698 | D:8      | Reached skill level 10 in Maces & Flails
  7051 | D:9      | Reached skill level 5 in Fighting
  7451 | D:9      | Found a sacrificial altar of Ru.
  7665 | D:9      | Found a glowing golden altar of the Shining One.
  7786 | D:9      | Reached skill level 11 in Maces & Flails
  7943 | D:10     | Entered Level 10 of the Dungeon
  7943 | D:10     | Found a staircase to the Orcish Mines.
  7986 | D:9      | Reached skill level 5 in Armour
  8172 | D:10     | Noticed a hill giant
  8183 | D:10     | Killed a hill giant
  8280 | D:10     | Noticed Duffy's ghost (novice TrFi)
  8294 | D:10     | Killed Duffy's ghost
  8294 | D:10     | Reached XP level 11. HP: 31/97 MP: 7/15
  8613 | D:10     | Found Zoicriud's Armour Shoppe.
  8622 | D:10     | Bought a +0 cloak for 67 gold pieces
  8622 | D:10     | Bought a cursed +0 pair of gloves for 22 gold pieces
  8651 | D:10     | Bought a +2 chain mail of magic resistance for 322 gold pieces
  8712 | D:10     | Reached skill level 10 in Evocations
  8873 | D:11     | Noticed Josephine
  8926 | D:10     | Killed from afar by Josephine

Vault maps used:
D:1:      dpeg_arrival_line_fractal
D:2:      grunt_temple_overflow_open, minmay_stone_trees_small,
          trog_butcher_becter
D:3:      nicolae_ashenzari_panopticon, uniq_sigmund, uniq_natasha
D:4:      wad_pebble_path, overflow_temple_1_default, first_bread,
          kennysheep_opposing_triangles
D:5:      kennysheep_mini, zin_academy, kennysheep_little_box
D:6:      overflow_temple_1_default, portal_sewer_entry_c
D:7:      minmay_temple_entry_mist
D:8:      nemelex_xobeh_ov_fountains_minmay, grunt_dithmenos_smoke,
          serial_shops, nicolae_shop_crystal
D:9:      lemuel_coloured_pillars_altar, nicolae_overflow_hidden_temple,
          serial_ice, serial_ice_d, serial_ice_k, serial_ice_g, serial_ice_o,
          serial_ice_h, serial_ice_c
D:10:     orc_david_3, david_nohive_1
D:11:     david_lair_generic, minmay_item_behind_shaft, uniq_snorg, uniq_erica,
          uniq_nergalle, uniq_maurice, uniq_josephine
Sewer:    sewer_frog_island_01

Action                   |  1- 3 |  4- 6 |  7- 9 | 10-12 || total
-------------------------+-------+-------+-------+-------++-------
Melee: Flail             |   119 |       |   627 |   467 ||  1213
       Mace              |    56 |   127 |   120 |       ||   303
 Fire: Blowgun           |       |       |       |     8 ||     8
Invok: Quick Charge      |       |       |     2 |     8 ||    10
 Abil: Device Recharging |       |       |     1 |     1 ||     2
Evoke: Wand              |       |     1 |    38 |    80 ||   119
       Rod               |       |       |     4 |     8 ||    12
  Use: Potion            |       |     1 |     1 |       ||     2
       Scroll            |       |     4 |     5 |     4 ||    13
 Stab: Confused          |       |       |     5 |     9 ||    14
  Eat: Chunk             |     2 |     5 |    37 |     9 ||    53
